 Dungeon Crawl Stone Soup version 0.28-a0-834-g1a73be5ee4 (webtiles) character file.

Game seed: 6281595421861122773

186 bande the Shield-Bearer (level 5, -4/33 HPs)
             Began as a Gargoyle Fighter on Nov 11, 2021.
             Slain by Grinder (5 damage)
             ... on level 3 of the Dungeon on Nov 12, 2021.
             The game lasted 00:05:09 (3749 turns).

bande the Shield-Bearer (Gargoyle Fighter)          Turns: 3749, Time: 00:05:10

Health: -4/33      AC: 15    Str: 24    XL:     5   Next: 65%
Magic:  5/5        EV:  8    Int:  9    God:
Gold:   140        SH:  4    Dex:  9    Spells: 4/4 levels left

rFire   + . .      SeeInvis .   a - +1 war axe
rCold   + . .      Faith    .   c - +0 buckler
rNeg    + . .      Spirit   .   h - +1 chain mail {rC+}
rPois   ∞          Reflect  .   j - +0 helmet
rElec   +          Harm     .   (no cloak)
rCorr   .          Rampage  .   (no gloves)
Will    .....                   (no boots)
Stlth   ..........              (no amulet)
HPRegen 0.00/turn               k - ring of protection from fire
MPRegen 0.09/turn               (no ring)

@: brilliant, inhibited regen
A: sickness immunity, AC +4, negative energy resistance 1, electricity
resistance, torment resistance 1, petrification resistance, inhibited
regeneration, strong 2
a: no special abilities


You were on level 3 of the Dungeon.
You visited 1 branch of the dungeon, and saw 3 of its levels.

You collected 140 gold pieces.

Inventory:

Hand Weapons
 a - a +1 war axe (weapon)
 f - a +0 flail
Armour
 c - a +0 buckler (worn)
 h - a +1 chain mail of cold resistance (worn)
 j - a +0 helmet (worn)
Jewellery
 k - a ring of protection from fire (left hand)
Wands
 g - a wand of flame (14)
Scrolls
 b - 2 scrolls of teleportation
 e - a scroll of magic mapping
Potions
 d - a potion of might


   Skills:
 + Level 4.0 Fighting
 + Level 3.8 Axes
 + Level 4.0 Armour
 - Level 0.2 Dodging
 - Level 0.2 Stealth
 + Level 4.0 Shields


You had 4 spell levels left.
You didn't know any spells.
Your spell library was empty.

Dungeon Overview and Level Annotations

Branches:
Dungeon (3/15)

Altars:

Annotations:
D:3 Grinder


Innate Abilities, Weirdness & Mutations

You are immune to sickness and miasma.
Your stone body is resilient. (AC +4)
You are immune to poison.
You resist negative energy. (rN+)
You are resistant to electric shocks. (rElec)
You are resistant to unholy torment.
You are immune to petrification.
You do not regenerate when monsters are visible.
Your muscles are very strong. (Str +4)


Message History

Grinder barely misses you.
You can move again.
It was a potion of brilliance.
You feel clever all of a sudden. Grinder hits you but does no damage.
You closely miss Grinder.
Grinder is heavily wounded.
Grinder hits you but does no damage.
You slash Grinder!
Grinder is severely wounded.
Grinder hits you but does no damage.
Unknown command.
You barely miss Grinder.
Grinder is severely wounded.
Grinder barely misses you. Grinder hits you but does no damage.
Unknown command.
You hit Grinder.
Grinder is almost dead.
Grinder hits you but does no damage.
You barely miss Grinder.
Grinder is almost dead.
Grinder hits you but does no damage.
Unknown command.
You barely miss Grinder.
Grinder is almost dead.
Grinder closely misses you. Grinder barely misses you.
Unknown command.
You barely miss Grinder.
Grinder is almost dead.
Grinder closely misses you.
You hit Grinder but do no damage.
Grinder is almost dead.
Grinder hits you.
* * * LOW HITPOINT WARNING * * *
You writhe in agony.
* * * LOW HITPOINT WARNING * * *
You hit Grinder but do no damage.
Grinder is almost dead.
Grinder hits you.
You die...

####.#*************
# *,,,,,,,,,,,...#
# **,*********#..#
# *,* #..# # *,*
#..# # #.# #..# #
#.# #..# ########
#.# #5.# #....... #
#.# #@.# #.######
#####.#
#..######**,*#....
......#
#........,,,*#.###
#.....#######
#.#######****#.# #
.......[.<..# #.#
#####.###
#.....#####)# #.#
#........ #.....#
#.# #.# #.##..###
###.#.# #># #.#
#.##..### ......#
#)# #.# #.##.....


You could see Grinder.

Vanquished Creatures
  An orc priest (D:3)
  Natasha (D:3)
  Terence (D:3)
  Robin (D:3)
  3 adders
  A worm (D:2)
  4 orcs (D:3)
  4 bats
  7 endoplasms
  A giant cockroach (D:3)
  6 hobgoblins
  4 jackals (D:2)
  A quokka (D:2)
  A ball python (D:1)
  5 frilled lizards
  10 goblins
  4 kobolds
  6 rats
61 creatures vanquished.

Notes
Turn   | Place    | Note
-------+----------+-------------------------------------------
     0 | D:1      | bande the Gargoyle Fighter began the quest for the Orb.
     0 | D:1      | Reached XP level 1. HP: 14/14 MP: 1/1
     0 | D:1      | Upgraded the game from 0.28-a0-828-g0121872642 to
                  | 0.28-a0-834-g1a73be5ee4
    88 | D:1      | Found a faded altar of an unknown god.
   183 | D:1      | Reached XP level 2. HP: 8/19 MP: 2/2
   966 | D:2      | Reached XP level 3. HP: 22/23 MP: 3/3
  2337 | D:3      | Reached XP level 4. HP: 29/29 MP: 4/4
  2454 | D:3      | Noticed Terence
  2471 | D:3      | Killed Terence
  2868 | D:3      | HP: 1/29 [orc priest (7)]
  2870 | D:3      | Reached XP level 5. HP: 1/33 MP: 5/5
  2961 | D:3      | Noticed Natasha
  2981 | D:3      | Killed Natasha
  3414 | D:3      | Gained mutation: Your muscles are strong. (Str +2) [potion
                  | of mutation]
  3414 | D:3      | Gained mutation: You do not regenerate when monsters are
                  | visible. [potion of mutation]
  3414 | D:3      | Gained mutation: Your muscles are very strong. (Str +4)
                  | [potion of mutation]
  3529 | D:3      | Noticed Robin
  3544 | D:3      | Killed Robin
  3710 | D:3      | Noticed Grinder
  3728 | D:3      | Paralysed by Grinder for 2 turns
  3734 | D:3      | Paralysed by Grinder for 6 turns
  3748 | D:3      | HP: 1/33 [Grinder (2)]
  3749 | D:3      | Slain by Grinder

Illustrated notes

Levels and vault maps discovered:
D:1:      psy_arrival_radial02, layout_basic,
          shapermc_ecumenical_altar_mp_vishouse
D:2:      layout_loops_corners
D:3:      layout_loops_ring, uniq_grinder, uniq_robin, uniq_natasha,
          uniq_terence

Skill      XL: |  1  2  3  4  5 |
---------------+----------------+-----
Axes           | 2 3 |  3.8
Fighting       | 4 |  4.0
Shields        | 4 |  4.0
Armour         | 4 |  4.0
Dodging        | |  0.2
Stealth        | |  0.2

Action                   |  1- 3 |  4- 6 || total
-------------------------+-------+-------++-------
Melee: War axe           |   116 |   121 ||   237
  Use: Scroll            |     5 |     2 ||     7
       Potion            |       |     3 ||     3
Armor: Scale mail        |    16 |       ||    16
       Chain mail        |    59 |    79 ||   138
Dodge: Dodged            |    49 |    46 ||    95
Block: Buckler           |    23 |    22 ||    45

Table legend: (Time is in decaauts)
 A = Elapsed time spent in this place.
 B = Non-inter-level travel time spent in this place.
 C = Inter-level travel time spent in this place.
 D = Time resting spent in this place.
 E = Time spent auto-exploring this place.
 F = Levels seen in this place.
 G = Mean time per level.
                   A        B        C        D        E       F      G
               +--------+--------+--------+--------+--------+-----+--------+
         Total |   3835 |   3807 |     28 |   1513 |   1667 |   3 | 1278.3 |
       Dungeon |   3835 |   3807 |     28 |   1513 |   1667 |   3 | 1278.3 |
               +--------+--------+--------+--------+--------+-----+--------+

Top non-repeatable levels by time:
     D:2: 1539 daAuts
     D:3: 1475 daAuts
     D:1: 820 daAuts
